 Dungeon Crawl Stone Soup version 0.24.0-123-gd5b16e6ec5 (webtiles) character file.

Game seed: 7997062651565589113, levelgen mode: deterministic

343 Martska the Charmwright (level 6, -1/47 HPs)
             Began as a Human Skald on Feb 10, 2020.
             Killed by divine providence
             ... invoked by an orc priest
              (8 damage)
             ... on level 4 of the Dungeon.
             The game lasted 00:10:35 (5391 turns).

Martska the Charmwright (Human Skald)               Turns: 5391, Time: 00:10:35

Health: -1/47      AC:  3    Str: 14    XL:     6   Next: 88%
Magic:  3/10       EV: 12    Int: 13    God:
Gold:   155        SH:  2    Dex: 12    Spells: 1/10 levels left

rFire    . . .     SeeInvis .   a - +1 falchion
rCold    . . .     Gourm    .   (no shield)
rNeg     . . .     Faith    .   b - +0 leather armour
rPois    +         Spirit   .   (no helmet)
rElec    .         Reflect  +   (no cloak)
rCorr    .         Harm     .   (no gloves)
MR       .....                  (no boots)
Stlth    +.........             d - +2 amulet of reflection
HPRegen  0.15/turn              f - ring of poison resistance
MPRegen  0.12/turn              (no ring)

@: infused (expiring)
A: no striking features
a: no special abilities


You were on level 4 of the Dungeon.
You were not hungry.

You visited 1 branch of the dungeon, and saw 4 of its levels.

You collected 155 gold pieces.

Inventory:

Hand Weapons
 a - a +1 falchion (weapon)
Missiles
 o - 32 stones (quivered)
 r - 10 poisoned darts
Armour
 b - a +0 leather armour (worn)
Jewellery
 d - a +2 amulet of reflection (around neck)
 f - a ring of poison resistance (left hand)
Scrolls
 c - a scroll of enchant weapon
 g - a scroll of amnesia
 i - 3 scrolls of identify
 k - a scroll of blinking {unknown}
 m - 3 scrolls of enchant armour
 p - a scroll of remove curse {unknown}
 t - a scroll of magic mapping {unknown}
Potions
 e - a potion of lignification {unknown}
 j - a potion of degeneration {unknown}
 l - a potion of heal wounds {unknown}
 n - a potion of curing {unknown}
 q - a potion of magic {unknown}
 s - a potion of cancellation {unknown}
Comestibles
 u - a ration


   Skills:
 * Level 3.4 Fighting
 * Level 3.4 Long Blades
 + Level 2.1 Armour
 + Level 2.9 Dodging
 + Level 2.6 Spellcasting
 + Level 1.4 Hexes
 + Level 3.5 Charms
 + Level 1.6 Translocations


You had one spell level left.
You knew the following spells:

 Your Spells              Type           Power        Failure   Level  Hunger
a - Infusion              Chrm           ##..         7%          1    #......
b - Shroud of Golubria    Chrm/Tloc      #.....       16%         2    ###....
c - Spectral Weapon       Hex/Chrm       #.......     32%         3    ###....
d - Regeneration          Chrm/Necr      #.........   38%         3    ###....

Your spell library contained the following spells:

 Spells                   Type           Power        Failure   Level  Hunger
 Song of Slaying          Chrm           ##......     11%         2    ###....


Dungeon Overview and Level Annotations

Branches:
Dungeon (4/15)
 Temple: D:4-7

Altars:
Fedhas
Kikubaaqudgha
Sif Muna
Wu Jian


Message History

* * * LOW HITPOINT WARNING * * *
You closely miss the adder.
The adder is severely wounded.
The adder barely misses you.
An orc priest comes into view. It is wielding a +0 hand axe.
You barely miss the adder.
The adder is severely wounded.
The adder bites you.
* * * LOW HITPOINT WARNING * * *
The adder barely misses you.
You closely miss the adder.
The adder is severely wounded.
Your magical infusion is running out.
The adder bites you.
* * * LOW HITPOINT WARNING * * *
You hit the adder!
You kill the adder!
The orc priest mumbles some strange prayers to Beogh against you.
Beogh smites you!
You die...

#.........
#.#.........#
#..........
#......###..#
#.........# ##.##....#
#.........## ##.##.##.#
#........... #...#.# [#
#.......o...##.#'#.# #
##............._....#
#.....####....#.#..)#
###........#....@†....#
...........#...####...#
...........### ##..##
......#'#### #...)###
...##.#.# #.#.......#
...##.#.# #.#..###.##
....#.#.# ########'#..#
....#.#.#
#...........##
....#.#.#
#............#


You could see an orc priest.

Vanquished Creatures
  An ogre (D:4)
  A hound (D:3)
  2 orc wizards (D:3)
  A worker ant (D:3)
  Robin (D:4)
  5 adders
  A dart slug (D:2)
  14 orcs
  2 giant cockroaches
  19 goblins
  11 hobgoblins
  2 jackals (D:1)
  3 quokkas
  A ball python (D:2)
  4 bats
  8 frilled lizards
  11 kobolds
  7 rats
94 creatures vanquished.

Notes
Turn   | Place    | Note
-------+----------+-------------------------------------------
     0 | D:1      | Martska the Human Skald began the quest for the Orb.
     0 | D:1      | Reached XP level 1. HP: 16/16 MP: 3/3
   131 | D:1      | Reached XP level 2. HP: 7/22 MP: 5/5
   604 | D:1      | Learned a level 2 spell: Shroud of Golubria
   898 | D:1      | Reached XP level 3. HP: 27/27 MP: 6/6
   903 | D:1      | Learned a level 3 spell: Spectral Weapon
  1426 | D:2      | Reached XP level 4. HP: 34/34 MP: 4/7
  1429 | D:2      | Found an ancient bone altar of Kikubaaqudgha.
  1920 | D:2      | Found a shimmering blue altar of Sif Muna.
  2164 | D:2      | Found a blossoming altar of Fedhas.
  2557 | D:3      | Reached skill level 1 in Translocations
  2557 | D:3      | Reached XP level 5. HP: 12/40 MP: 4/8
  3149 | D:3      | Reached skill level 1 in Hexes
  3991 | D:3      | Reached XP level 6. HP: 33/47 MP: 1/9
  4824 | D:4      | Noticed Robin
  5010 | D:4      | Killed Robin
  5057 | D:4      | Learned a level 3 spell: Regeneration
  5309 | D:4      | Found an ornate altar of the Wu Jian Council.
  5309 | D:4      | Noticed an ogre
  5315 | D:4      | Killed an ogre
  5391 | D:4      | Killed from afar by an orc priest

Levels and vault maps discovered:
D:1:      minmay_arrival_hallway, layout_basic, hangedman_decor_lopped
D:2:      layout_loops_ring, grunt_temple_overflow_growth_and_decay,
          lemuel_blue_sif_altar, ebering_dispersal_statue_hall
D:3:      layout_loops_ring, first_ration
D:4:      layout_basic, lemuel_crystal_altar, xom_butterflies, uniq_robin,
          uniq_sigmund

Skill      XL: |  1  2  3  4  5  6 |
---------------+-------------------+-----
Translocations | 1 |  1.6
Fighting       | 3 |  3.4
Hexes          | 1 |  1.4
Long Blades    | 3 |  3.4
Armour         | 2 |  2.1
Dodging        | |  2.9
Spellcasting   | |  2.6
Charms         | |  3.5

Action                   |  1- 3 |  4- 6 || total
-------------------------+-------+-------++-------
Melee: Falchion          |    91 |   272 ||   363
Throw: Stone             |       |     6 ||     6
 Cast: Infusion          |     5 |    20 ||    25
       Spectral Weapon   |       |     1 ||     1
  Use: Scroll            |       |     4 ||     4
  Eat: Ration            |     1 |     2 ||     3
       Chunk             |       |     6 ||     6
Armor: Leather armour    |    41 |    53 ||    94
Dodge: Dodged            |    68 |   171 ||   239
Block: Other             |       |    13 ||    13
       Reflection        |       |     1 ||     1
       Rpst.: Falchion   |    23 |    54 ||    77
